General information
- name: BNet
- type: Ladder team game (AT/RT)
- host: Battle.net
- saver: MAXIS_CHEMICALS
map: Deathknell
- players: 8
- length: 40:33
- speed: Fast
- version: 1.26 W3XP
- replay type: Public
» download(255 KB)
Players
team 1 (loser)
DaiDai (
blue | 65 APM | 109 actions | 01:40)
» actions
| Assign group hotkey | 2 | |
| Build / train | 14 | |
| Enter build submenu | 5 | |
| Right click | 21 | |
| Select / deselect | 14 | |
| Select group hotkey | 48 | |
| Use ability | 5 | |
109 total
» units
» buildings
| Barracks | 1 | |
| Altar of Kings | 1 | |
| Farm | 2 | |
| Lumber Mill | 1 | |
5 total
» build order
00:08 Barracks
00:20 Altar of Kings
00:35 Farm
00:50 Farm
01:16 Lumber Mill

»
0800 (
teal | 30 APM | 727 actions | 24:03)
5 Archmage
3 Blizzard
2 Brilliance Aura
» actions
| Assign group hotkey | 25 | |
| Basic commands | 81 | |
| Build / train | 70 | |
| ESC pressed | 2 | |
| Enter build submenu | 20 | |
| Enter hero's abilities submenu | 5 | |
| Remove unit from queue | 3 | |
| Right click | 117 | |
| Select / deselect | 210 | |
| Select group hotkey | 138 | |
| Use ability | 56 | |
727 total
» units
| Peasant | 13 | |
| Rifleman | 8 | |
| Siege Engine | 6 | |
| Priest | 8 | |
| Gnoll Overseer | 1 | |
36 total
» upgrades
| Gunpowder | 1 | |
| Armor | 1 | |
| Long Rifles | 1 | |
| Priest Training | 2 | |
| Lumber Harvesting | 2 | |
| Barrage | 1 | |
| Magic Sentry | 1 | |
9 total
» buildings
| Farm | 15 | |
| Blacksmith | 1 | |
| Altar of Kings | 1 | |
| Barracks | 2 | |
| Arcane Vault | 1 | |
| Keep | 1 | |
| Castle | 1 | |
| Arcane Sanctum | 1 | |
| Workshop | 1 | |
| Lumber Mill | 1 | |
| Town Hall | 1 | |
| Scout Tower | 8 | |
| Arcane Tower | 3 | |
| Guard Tower | 3 | |
| Cannon Tower | 1 | |
41 total
» build order
00:44 Farm
01:01 Blacksmith
01:18 Altar of Kings
02:17 Barracks
02:21 Barracks
02:27 Farm
02:30 Farm
02:32 Farm
02:36 Farm
03:24 Arcane Vault
03:52 Keep
06:35 Castle
06:41 Arcane Sanctum
06:46 Workshop
06:58 Lumber Mill
08:15 Town Hall
08:39 Farm
08:43 Farm
08:45 Farm
08:47 Farm
08:48 Farm
08:51 Farm
08:52 Farm
08:54 Farm
08:55 Farm
08:58 Farm
09:05 Scout Tower
09:08 Scout Tower
09:11 Scout Tower
10:16 Arcane Tower
12:09 Arcane Tower
12:36 Scout Tower
12:41 Scout Tower
12:43 Scout Tower
12:48 Scout Tower
12:50 Scout Tower
13:56 Guard Tower
14:23 Guard Tower
18:52 Cannon Tower
18:55 Arcane Tower
18:57 Guard Tower
» items
| Scroll of Regeneration | 5 | |
| Scroll of Town Portal | 2 | |
7 total

»
SIM_METROPOLIS (
purple | 84 APM | 3392 actions | 40:30)
10 Keeper of the Grove
3 Entangling Roots
3 Force of Nature
1 Tranquility
3 Thorns Aura
» actions
| Assign group hotkey | 26 | |
| Basic commands | 121 | |
| Build / train | 62 | |
| Enter build submenu | 62 | |
| Enter hero's abilities submenu | 10 | |
| Remove unit from queue | 2 | |
| Right click | 1446 | |
| Select / deselect | 733 | |
| Select group hotkey | 842 | |
| Use ability | 88 | |
3392 total
» units
| Wisp | 21 | |
| Chimaera | 6 | |
| Hippogryph | 9 | |
36 total
» upgrades
| Strength of the Wild | 3 | |
| Reinforced Hides | 3 | |
| Well Spring | 1 | |
| Corrosive Breath | 1 | |
| Ultravision | 1 | |
9 total
» buildings
| Moon Well | 10 | |
| Hunter's Hall | 3 | |
| Ancient Protector | 8 | |
| Tree of Ages | 2 | |
| Altar of Elders | 3 | |
| Tree of Eternity | 1 | |
| Ancient of Wind | 4 | |
| Chimaera Roost | 4 | |
| Tree of Life | 3 | |
| Ancient of Wonders | 1 | |
39 total
» build order
00:49 Moon Well
02:03 Moon Well
02:13 Hunter's Hall
02:26 Moon Well
03:07 Moon Well
03:40 Moon Well
03:47 Moon Well
04:05 Hunter's Hall
04:35 Ancient Protector
04:40 Ancient Protector
05:18 Moon Well
05:21 Moon Well
05:54 Ancient Protector
05:58 Ancient Protector
06:12 Moon Well
06:29 Moon Well
07:00 Ancient Protector
07:22 Ancient Protector
08:23 Tree of Ages
08:24 Tree of Ages
08:29 Hunter's Hall
09:42 Altar of Elders
09:44 Altar of Elders
09:47 Altar of Elders
10:45 Tree of Eternity
13:17 Ancient of Wind
14:27 Chimaera Roost
14:29 Chimaera Roost
14:40 Chimaera Roost
14:41 Chimaera Roost
16:28 Ancient Protector
16:29 Ancient Protector
20:58 Tree of Life
21:15 Tree of Life
21:27 Tree of Life
23:28 Ancient of Wonders
28:40 Ancient of Wind
28:42 Ancient of Wind
28:44 Ancient of Wind
» items
SIM_CITY_2000 (
yellow | 64 APM | 2578 actions | 40:29)
3 Archmage
2 Summon Water Elemental
1 Brilliance Aura
» actions
| Assign group hotkey | 54 | |
| Basic commands | 70 | |
| Build / train | 143 | |
| ESC pressed | 11 | |
| Enter build submenu | 177 | |
| Enter hero's abilities submenu | 3 | |
| Right click | 959 | |
| Select / deselect | 582 | |
| Select group hotkey | 196 | |
| Use ability | 382 | |
2578 total
» units
» upgrades
| Masonry | 4 | |
| Lumber Harvesting | 2 | |
| Swords | 2 | |
| Gunpowder | 2 | |
| Plating | 2 | |
| Armor | 2 | |
| Defend | 1 | |
15 total
» buildings
| Barracks | 4 | |
| Farm | 182 | |
| Blacksmith | 51 | |
| Lumber Mill | 14 | |
| Scout Tower | 52 | |
| Guard Tower | 16 | |
| Town Hall | 5 | |
| Arcane Vault | 15 | |
| Altar of Kings | 2 | |
| Arcane Tower | 1 | |
| Keep | 7 | |
| Gryphon Aviary | 2 | |
351 total
» build order
00:28 Barracks
00:35 Farm
00:36 Farm
00:36 Farm
01:35 Farm
01:35 Farm
01:36 Farm
01:36 Farm
01:37 Farm
02:36 Farm
02:39 Farm
02:41 Farm
02:41 Farm
02:48 Farm
02:48 Farm
02:49 Farm
02:52 Blacksmith
02:54 Blacksmith
02:57 Farm
02:57 Farm
02:58 Farm
03:34 Blacksmith
03:37 Farm
03:38 Farm
04:20 Lumber Mill
04:21 Lumber Mill
04:32 Farm
04:43 Lumber Mill
05:14 Scout Tower
05:15 Scout Tower
05:15 Scout Tower
05:17 Farm
05:18 Farm
05:19 Scout Tower
05:21 Blacksmith
05:22 Blacksmith
05:44 Guard Tower
05:44 Guard Tower
06:19 Lumber Mill
06:23 Town Hall
06:27 Farm
06:27 Farm
06:28 Farm
06:28 Farm
06:33 Blacksmith
06:34 Blacksmith
06:35 Blacksmith
06:35 Blacksmith
06:48 Guard Tower
06:49 Guard Tower
08:06 Blacksmith
08:07 Blacksmith
08:08 Scout Tower
08:09 Scout Tower
08:09 Scout Tower
08:10 Scout Tower
08:26 Blacksmith
08:53 Guard Tower
08:55 Farm
08:56 Farm
08:56 Farm
08:57 Farm
09:01 Arcane Vault
09:03 Arcane Vault
09:04 Arcane Vault
09:05 Farm
09:06 Farm
09:07 Farm
09:08 Scout Tower
09:09 Scout Tower
09:10 Scout Tower
09:11 Scout Tower
09:12 Scout Tower
09:13 Scout Tower
09:13 Farm
09:14 Farm
09:14 Farm
09:15 Farm
09:15 Farm
09:16 Farm
09:17 Farm
09:24 Altar of Kings
09:25 Farm
09:26 Farm
09:27 Farm
09:30 Farm
09:31 Farm
09:32 Farm
09:33 Farm
09:33 Farm
09:34 Blacksmith
09:37 Farm
09:38 Farm
09:38 Farm
09:39 Farm
09:41 Scout Tower
09:42 Scout Tower
09:43 Scout Tower
09:43 Scout Tower
09:44 Scout Tower
09:47 Scout Tower
09:49 Scout Tower
10:03 Blacksmith
10:04 Blacksmith
10:22 Farm
10:23 Farm
10:26 Farm
10:27 Farm
10:30 Farm
10:31 Farm
10:33 Farm
10:34 Farm
10:35 Farm
10:49 Farm
10:49 Farm
10:54 Farm
10:55 Farm
10:57 Blacksmith
11:02 Guard Tower
11:21 Lumber Mill
11:21 Lumber Mill
11:33 Guard Tower
11:34 Guard Tower
11:34 Arcane Tower
11:35 Guard Tower
11:43 Blacksmith
11:43 Blacksmith
11:55 Farm
11:57 Farm
11:57 Farm
11:57 Farm
12:15 Farm
12:16 Farm
12:16 Farm
12:19 Farm
12:20 Farm
12:23 Farm
12:23 Farm
12:24 Blacksmith
12:25 Blacksmith
12:52 Town Hall
12:55 Blacksmith
12:56 Blacksmith
12:57 Blacksmith
12:58 Blacksmith
13:12 Keep
13:15 Keep
13:16 Keep
13:16 Keep
13:20 Arcane Vault
13:22 Arcane Vault
13:24 Arcane Vault
13:25 Arcane Vault
13:26 Farm
13:27 Farm
13:27 Farm
13:28 Scout Tower
13:29 Farm
13:29 Farm
13:35 Guard Tower
13:35 Guard Tower
14:11 Guard Tower
14:14 Farm
14:15 Farm
14:15 Farm
14:16 Farm
14:16 Farm
14:34 Lumber Mill
14:36 Lumber Mill
14:37 Lumber Mill
14:43 Farm
14:43 Farm
14:44 Farm
14:44 Farm
14:45 Farm
14:45 Farm
14:46 Scout Tower
14:47 Scout Tower
15:02 Scout Tower
15:03 Farm
15:42 Blacksmith
16:10 Altar of Kings
16:12 Farm
16:14 Farm
16:15 Farm
16:41 Barracks
16:43 Barracks
17:05 Farm
17:05 Farm
17:06 Farm
17:14 Arcane Vault
17:15 Arcane Vault
17:17 Farm
17:17 Farm
17:18 Farm
17:19 Farm
17:20 Farm
17:21 Farm
18:00 Farm
18:01 Farm
18:02 Farm
18:03 Farm
18:04 Farm
18:04 Farm
18:26 Town Hall
19:29 Barracks
19:30 Farm
19:31 Farm
19:33 Blacksmith
19:34 Blacksmith
19:35 Blacksmith
19:36 Blacksmith
19:36 Blacksmith
19:37 Blacksmith
19:38 Blacksmith
19:38 Blacksmith
19:40 Blacksmith
19:42 Farm
19:42 Farm
19:44 Farm
19:45 Farm
20:37 Town Hall
21:07 Farm
21:08 Farm
21:08 Farm
21:12 Blacksmith
21:13 Farm
21:14 Farm
21:16 Arcane Vault
21:18 Arcane Vault
21:19 Arcane Vault
21:24 Farm
21:25 Arcane Vault
21:26 Arcane Vault
21:31 Arcane Vault
21:34 Farm
21:34 Farm
21:35 Farm
21:36 Farm
21:36 Farm
21:37 Farm
22:08 Blacksmith
22:09 Blacksmith
22:12 Blacksmith
22:12 Blacksmith
22:14 Blacksmith
22:14 Blacksmith
22:42 Keep
22:54 Farm
22:54 Farm
22:55 Farm
22:56 Farm
22:57 Scout Tower
22:57 Scout Tower
23:00 Scout Tower
23:00 Scout Tower
23:08 Farm
23:08 Farm
23:09 Farm
23:09 Farm
23:12 Scout Tower
23:13 Scout Tower
23:14 Scout Tower
23:14 Scout Tower
23:17 Scout Tower
23:18 Farm
23:18 Farm
23:19 Farm
23:22 Blacksmith
23:22 Blacksmith
23:23 Scout Tower
23:25 Farm
23:25 Farm
23:26 Farm
23:27 Farm
23:46 Farm
23:47 Farm
23:47 Farm
23:48 Farm
23:49 Farm
23:49 Farm
23:50 Farm
23:50 Farm
23:53 Scout Tower
23:53 Scout Tower
23:54 Farm
23:55 Farm
23:59 Scout Tower
23:59 Scout Tower
24:00 Farm
24:01 Farm
24:42 Lumber Mill
24:44 Lumber Mill
24:45 Lumber Mill
24:48 Lumber Mill
24:49 Farm
24:53 Lumber Mill
25:25 Guard Tower
25:34 Guard Tower
25:36 Farm
25:37 Farm
26:11 Farm
26:12 Farm
26:17 Blacksmith
26:31 Gryphon Aviary
26:33 Gryphon Aviary
26:34 Scout Tower
26:35 Scout Tower
26:40 Scout Tower
26:40 Scout Tower
26:41 Farm
26:41 Farm
26:43 Farm
26:44 Scout Tower
26:48 Blacksmith
26:49 Scout Tower
26:50 Scout Tower
26:51 Farm
26:52 Scout Tower
26:53 Farm
26:55 Blacksmith
26:57 Farm
26:58 Farm
27:00 Farm
27:30 Guard Tower
27:32 Farm
27:38 Scout Tower
27:38 Scout Tower
27:40 Blacksmith
27:41 Farm
27:42 Farm
27:42 Farm
27:43 Blacksmith
27:44 Farm
27:45 Farm
28:43 Town Hall
28:47 Farm
28:47 Farm
28:49 Blacksmith
28:49 Scout Tower
28:53 Scout Tower
28:53 Scout Tower
29:05 Blacksmith
29:06 Blacksmith
29:07 Farm
29:08 Farm
29:11 Farm
29:11 Farm
» items
| Scroll of Regeneration | 3 | |
| Lesser Clarity Potion | 3 | |
6 total
team 2 (winner)
wow.wow (
red | 59 APM | 2371 actions | 40:30)
4 Dark Ranger
2 Black Arrow
2 Silence
3 Priestess of the Moon
2 Trueshot Aura
1 Searing Arrows
» actions
| Assign group hotkey | 61 | |
| Basic commands | 38 | |
| Build / train | 70 | |
| Enter build submenu | 21 | |
| Enter hero's abilities submenu | 8 | |
| Right click | 865 | |
| Select / deselect | 444 | |
| Select group hotkey | 828 | |
| Use ability | 36 | |
2371 total
» units
| Wisp | 26 | |
| Archer | 10 | |
| Druid of the Talon | 2 | |
| Glaive Thrower | 4 | |
| Hippogryph | 6 | |
48 total
» upgrades
| Strength of the Moon | 3 | |
| Moon Armor | 2 | |
| Improved Bows | 1 | |
| Marksmanship | 1 | |
| Vorpal Blades | 1 | |
| Druid of the Talon Training | 1 | |
9 total
» buildings
| Moon Well | 9 | |
| Altar of Elders | 1 | |
| Ancient of War | 4 | |
| Hunter's Hall | 1 | |
| Tree of Ages | 1 | |
| Tree of Life | 1 | |
| Ancient of Wonders | 1 | |
| Tree of Eternity | 1 | |
| Ancient of Wind | 4 | |
23 total
» build order
00:37 Moon Well
00:47 Altar of Elders
01:36 Moon Well
02:08 Ancient of War
02:10 Ancient of War
02:33 Hunter's Hall
02:49 Moon Well
04:47 Moon Well
06:49 Moon Well
07:21 Tree of Ages
08:29 Tree of Life
08:54 Moon Well
09:41 Moon Well
09:45 Ancient of Wonders
11:19 Tree of Eternity
12:24 Ancient of Wind
12:27 Ancient of Wind
12:31 Ancient of Wind
15:55 Ancient of War
15:57 Ancient of War
18:21 Moon Well
18:26 Moon Well
22:36 Ancient of Wind

»
ZSoft (
orange | 41 APM | 1680 actions | 40:30)
5 Death Knight
2 Unholy Aura
3 Death Coil
5 Dreadlord
3 Vampiric Aura
2 Carrion Swarm
3 Crypt Lord
2 Spiked Carapace
1 Carrion Beetles
» actions
| Assign group hotkey | 28 | |
| Basic commands | 76 | |
| Build / train | 70 | |
| ESC pressed | 3 | |
| Enter build submenu | 21 | |
| Enter hero's abilities submenu | 13 | |
| Remove unit from queue | 1 | |
| Right click | 608 | |
| Select / deselect | 289 | |
| Select group hotkey | 522 | |
| Use ability | 49 | |
1680 total
» units
| Acolyte | 10 | |
| Ghoul | 4 | |
| Crypt Fiend | 11 | |
| Frost Wyrm | 14 | |
39 total
» upgrades
| Creature Attack | 3 | |
| Creature Carapace | 3 | |
| Web | 1 | |
| Burrow | 1 | |
| Ghoul Frenzy | 1 | |
| Freezing Breath | 1 | |
10 total
» buildings
| Ziggurat | 9 | |
| Crypt | 2 | |
| Altar of Darkness | 1 | |
| Graveyard | 1 | |
| Nerubian Tower | 1 | |
| Halls of the Dead | 1 | |
| Black Citadel | 1 | |
| Tomb of Relics | 1 | |
| Sacrificial Pit | 1 | |
| Boneyard | 2 | |
| Necropolis | 1 | |
| Spirit Tower | 1 | |
22 total
» build order
00:08 Ziggurat
00:13 Crypt
00:19 Crypt
00:59 Altar of Darkness
01:21 Graveyard
01:33 Ziggurat
02:11 Nerubian Tower
02:56 Ziggurat
04:00 Halls of the Dead
07:28 Black Citadel
08:28 Ziggurat
08:30 Ziggurat
10:09 Black Citadel
10:14 Tomb of Relics
11:04 Sacrificial Pit
11:34 Ziggurat
12:31 Boneyard
12:34 Boneyard
13:12 Ziggurat
15:32 Ziggurat
15:33 Ziggurat
17:49 Necropolis
18:25 Spirit Tower
MAXIS_CHEMICALS (
pink | 51 APM | 2079 actions | 40:33)
4 Archmage
2 Blizzard
2 Brilliance Aura
3 Pit Lord
2 Rain of Fire
1 Cleaving Attack
» actions
| Assign group hotkey | 27 | |
| Basic commands | 258 | |
| Build / train | 89 | |
| ESC pressed | 6 | |
| Enter build submenu | 63 | |
| Enter hero's abilities submenu | 7 | |
| Give item / drop item | 6 | |
| Right click | 605 | |
| Select / deselect | 539 | |
| Select group hotkey | 369 | |
| Use ability | 108 | |
2079 total
» units
| Peasant | 18 | |
| Footman | 11 | |
| Goblin Shredder | 1 | |
| Goblin Sapper | 7 | |
| Priest | 1 | |
| Sorceress | 2 | |
| Rifleman | 1 | |
| Ice Troll Berserker | 2 | |
| Gnoll Overseer | 2 | |
| Spell Breaker | 2 | |
| Mud Golem | 1 | |
| Ice Troll Trapper | 1 | |
| Goblin Zeppelin | 1 | |
50 total
» upgrades
| Masonry | 2 | |
| Lumber Harvesting | 2 | |
| Magic Sentry | 1 | |
| Priest Training | 2 | |
| Sorceress Training | 1 | |
| Long Rifles | 1 | |
| Swords | 3 | |
| Plating | 3 | |
| Armor | 1 | |
| Control Magic | 1 | |
17 total
» buildings
| Altar of Kings | 1 | |
| Barracks | 2 | |
| Farm | 12 | |
| Lumber Mill | 2 | |
| Arcane Vault | 1 | |
| Blacksmith | 7 | |
| Scout Tower | 18 | |
| Guard Tower | 7 | |
| Keep | 1 | |
| Arcane Sanctum | 5 | |
| Town Hall | 2 | |
| Arcane Tower | 1 | |
| Gryphon Aviary | 1 | |
| Castle | 1 | |
61 total
» build order
00:08 Altar of Kings
00:18 Barracks
00:28 Farm
01:15 Farm
02:05 Lumber Mill
02:06 Lumber Mill
02:48 Farm
02:50 Arcane Vault
02:54 Blacksmith
03:50 Scout Tower
04:05 Farm
04:32 Guard Tower
05:41 Keep
05:46 Blacksmith
05:50 Blacksmith
05:54 Farm
07:07 Farm
07:11 Scout Tower
07:15 Scout Tower
07:17 Scout Tower
07:20 Scout Tower
08:09 Guard Tower
08:11 Guard Tower
08:49 Arcane Sanctum
08:51 Farm
08:56 Farm
10:17 Town Hall
10:36 Scout Tower
11:38 Guard Tower
11:40 Scout Tower
11:46 Scout Tower
11:53 Scout Tower
13:14 Arcane Tower
13:15 Guard Tower
15:34 Farm
15:37 Barracks
15:39 Arcane Sanctum
15:42 Arcane Sanctum
16:38 Gryphon Aviary
16:41 Arcane Sanctum
17:33 Castle
21:37 Farm
21:39 Blacksmith
24:32 Arcane Sanctum
24:34 Blacksmith
24:37 Farm
24:41 Farm
26:11 Town Hall
27:55 Scout Tower
28:07 Scout Tower
28:09 Scout Tower
28:11 Scout Tower
29:09 Guard Tower
31:30 Scout Tower
31:32 Scout Tower
31:39 Blacksmith
31:43 Blacksmith
31:45 Scout Tower
31:47 Scout Tower
31:50 Scout Tower
32:03 Guard Tower
» items
| Scroll of Regeneration | 1 | |
| Lesser Clarity Potion | 1 | |
| Potion of Healing | 1 | |
3 total
SIMCITY2010 (
green | 49 APM | 1985 actions | 40:30)
3 Blood Mage
2 Flame Strike
1 Siphon Mana
» actions
| Assign group hotkey | 116 | |
| Basic commands | 279 | |
| Build / train | 92 | |
| ESC pressed | 1 | |
| Enter build submenu | 52 | |
| Enter hero's abilities submenu | 3 | |
| Give item / drop item | 1 | |
| Right click | 618 | |
| Select / deselect | 212 | |
| Select group hotkey | 472 | |
| Use ability | 139 | |
1985 total
» units
| Peasant | 23 | |
| Goblin Shredder | 1 | |
| Ice Troll Trapper | 2 | |
| Mud Golem | 2 | |
| Gnoll Overseer | 2 | |
| Gryphon Rider | 6 | |
36 total
» upgrades
| Masonry | 2 | |
| Lumber Harvesting | 1 | |
| Storm Hammers | 1 | |
| Swords | 3 | |
| Armor | 3 | |
| Animal War Training | 1 | |
11 total
» buildings
| Altar of Kings | 1 | |
| Farm | 19 | |
| Lumber Mill | 2 | |
| Scout Tower | 69 | |
| Arcane Vault | 1 | |
| Arcane Tower | 3 | |
| Guard Tower | 23 | |
| Keep | 2 | |
| Town Hall | 2 | |
| Arcane Sanctum | 5 | |
| Castle | 1 | |
| Blacksmith | 5 | |
| Gryphon Aviary | 4 | |
| Barracks | 1 | |
138 total
» build order
00:34 Altar of Kings
00:42 Farm
00:57 Lumber Mill
01:11 Scout Tower
01:25 Arcane Vault
01:53 Farm
02:02 Arcane Tower
02:03 Arcane Tower
02:25 Scout Tower
03:11 Guard Tower
03:14 Scout Tower
03:18 Scout Tower
03:52 Guard Tower
03:57 Farm
04:20 Guard Tower
04:25 Scout Tower
04:29 Keep
04:59 Guard Tower
05:36 Town Hall
05:39 Scout Tower
05:42 Scout Tower
05:49 Scout Tower
06:08 Guard Tower
06:15 Scout Tower
06:35 Arcane Tower
07:00 Scout Tower
07:12 Arcane Sanctum
07:34 Guard Tower
07:43 Lumber Mill
07:47 Scout Tower
07:47 Scout Tower
07:48 Scout Tower
07:49 Scout Tower
07:50 Scout Tower
07:51 Scout Tower
07:52 Scout Tower
07:53 Scout Tower
08:14 Guard Tower
09:24 Guard Tower
09:34 Scout Tower
09:56 Castle
10:11 Guard Tower
10:15 Scout Tower
10:15 Scout Tower
10:17 Scout Tower
10:17 Scout Tower
10:19 Scout Tower
10:20 Scout Tower
10:21 Scout Tower
10:22 Scout Tower
11:01 Guard Tower
11:36 Keep
11:43 Guard Tower
11:46 Guard Tower
13:12 Blacksmith
13:17 Blacksmith
13:18 Blacksmith
13:20 Blacksmith
13:21 Blacksmith
13:32 Arcane Sanctum
13:33 Arcane Sanctum
13:35 Arcane Sanctum
13:37 Arcane Sanctum
13:44 Gryphon Aviary
13:45 Gryphon Aviary
13:46 Gryphon Aviary
13:47 Gryphon Aviary
13:49 Scout Tower
13:50 Scout Tower
13:51 Scout Tower
13:51 Scout Tower
13:53 Scout Tower
13:53 Scout Tower
13:54 Scout Tower
13:55 Scout Tower
13:56 Scout Tower
13:57 Scout Tower
13:59 Scout Tower
14:00 Scout Tower
14:00 Scout Tower
14:01 Scout Tower
14:03 Scout Tower
14:04 Scout Tower
14:05 Scout Tower
14:06 Scout Tower
14:08 Scout Tower
14:09 Scout Tower
14:10 Scout Tower
14:11 Scout Tower
14:13 Scout Tower
14:14 Scout Tower
14:15 Scout Tower
14:16 Scout Tower
14:18 Scout Tower
14:19 Scout Tower
14:20 Scout Tower
14:21 Scout Tower
14:26 Scout Tower
14:27 Scout Tower
14:28 Scout Tower
14:28 Scout Tower
14:34 Scout Tower
14:35 Scout Tower
14:35 Scout Tower
14:36 Scout Tower
16:47 Guard Tower
16:58 Farm
16:58 Farm
17:00 Farm
17:00 Farm
17:04 Farm
17:04 Farm
17:05 Farm
17:06 Farm
17:17 Farm
17:18 Farm
17:20 Farm
17:20 Farm
17:21 Farm
17:23 Farm
17:23 Farm
17:24 Farm
17:39 Barracks
17:44 Guard Tower
17:59 Guard Tower
18:03 Guard Tower
18:22 Guard Tower
18:59 Guard Tower
19:57 Guard Tower
22:37 Guard Tower
25:06 Guard Tower
25:07 Guard Tower
31:55 Town Hall
31:58 Scout Tower
31:59 Scout Tower
32:00 Scout Tower
32:00 Scout Tower
32:31 Guard Tower
» items
| Scroll of Regeneration | 2 | |
| Lesser Clarity Potion | 5 | |
| Potion of Mana | 2 | |
| Orb of Fire | 1 | |
| Ivory Tower | 1 | |
| Scroll of Town Portal | 1 | |
12 total
Chat log
(00:06 / All) SIM_METROPOLIS: wow
(00:06 / Allies) wow.wow: rush
(00:08 / All) SIM_METROPOLIS: you guys
(00:08 / Allies) wow.wow: asap
(00:12 / All) SIM_METROPOLIS: all copied my name
(00:19 / All) SIMCITY2010: WTF YOU FUCKING NAMESTEALERS
(00:37 / Allies) ZSoft: dk, fiends here to start
(00:48 / All) SIM_CITY_2000: err sorry
(00:49 / All) SIM_CITY_2000: blue
(00:50 / All) SIM_CITY_2000: shut up
(00:51 / Allies) wow.wow: guys
(00:52 / All) SIM_CITY_2000: meant to say in all
(00:52 / Allies) wow.wow: mass rush
(01:01 / All) SIM_METROPOLIS: i'm a pacifist
(01:07 / Allies) SIMCITY2010: lol get fucked red
(01:13 / All) SIM_CITY_2000: i have a trade agreement with a couple of people in this game
(01:16 / All) SIM_CITY_2000: so I'm not attacking anyone
(01:22 / Allies) wow.wow: guys rush
(01:25 / Allies) wow.wow: ok
(01:26 / Allies) wow.wow: rush???
(01:29 / Allies) wow.wow: we are rushing
(01:32 / Allies) MAXIS_CHEMICALS: what is rush
(01:35 / Allies) ZSoft: aye
(01:40 / All) DaiDai: gg
(01:42 / All) SIMCITY2010: ME AND YELLOW HAVE SETUP AN EMBASSY WHERE WE PEACEFULLY DISPLAY EACH OTHERS NATIONS FLAGS
(01:49 / All) SIM_CITY_2000: why did you do that
(01:56 / All) MAXIS_CHEMICALS: Blue owed too much money to China
(01:58 / All) MAXIS_CHEMICALS: obviously
(02:18 / Allies) wow.wow: rush plz
(02:21 / Allies) wow.wow: daidai was good
(02:25 / Allies) wow.wow: please
(02:27 / Allies) wow.wow: rush ok
(02:31 / Allies) ZSoft: massing fiends
(03:30 / All) MAXIS_CHEMICALS: So I heard the aliens in this game
(03:36 / All) MAXIS_CHEMICALS: Suck against water towers
(03:40 / All) MAXIS_CHEMICALS: What is this, signs?
(04:17 / Allies) wow.wow: guys plz mass
(04:24 / Allies) ZSoft: 3 fiends up
(04:33 / Allies) wow.wow: damn u green
(04:35 / Allies) wow.wow: u have no fucking units
(04:36 / Allies) wow.wow: man
(04:57 / Allies) SIMCITY2010: told you red was annoying
(04:58 / Allies) SIMCITY2010: lol
(05:07 / Allies) SIMCITY2010: FUCK OFF THATS MY MASK
(05:11 / Allies) SIMCITY2010: GIVE IT BACK PIES YOU FUCKER
(05:14 / Allies) wow.wow: rush!!!!!!!!!
(05:16 / Allies) MAXIS_CHEMICALS: OH IM SORRY I THOUGHT THIS WAS A TEAM GAME
(05:19 / Allies) wow.wow: mahn green ur trash mother fucker
(05:28 / Allies) wow.wow: uim creepign alone
(05:31 / Allies) MAXIS_CHEMICALS: do you wanna trade 200 gold for it?
(05:33 / Allies) wow.wow: wathc out man
(05:34 / Allies) ZSoft: all come
(05:35 / Allies) MAXIS_CHEMICALS: i' m lwo
(05:44 / Allies) wow.wow: green has zero fuckign units
(05:45 / Allies) wow.wow: like a loser
(06:22 / Allies) wow.wow: let me creep alone ornage
(06:36 / Allies) MAXIS_CHEMICALS: OH ORANGE IS SORRY HE THOUGHT THIS WAS A TEAM GAME
(06:57 / All) SIM_CITY_2000: red
(06:58 / All) SIM_CITY_2000: stfu
(07:01 / All) SIM_CITY_2000: we're playing the game
(07:04 / All) SIM_CITY_2000: the right way
(07:22 / All) SIM_CITY_2000: he's teching to chims
(07:23 / All) SIM_CITY_2000: isn't he
(08:03 / All) MAXIS_CHEMICALS: I was thinking of getting an armada but I heard maxis took it out of this ver for some dumb reason
(08:18 / All) SIM_CITY_2000: Yeah, no Sea buildings in this game for some reason.
(08:22 / All) SIM_CITY_2000: Dumbing down of modern video games.
(08:23 / All) SIM_CITY_2000: lol
(08:23 / Allies) ZSoft: red, get him
(08:35 / All) MAXIS_CHEMICALS: ahwell
(09:26 / Allies) wow.wow: ornage lets hit
(09:28 / Allies) wow.wow: fuck those two
(09:47 / All) SIMCITY2010: RED WOULD YOU LIKE A NICE GLASS OF SHUT THE FUCK UP?
(09:54 / All) SIM_CITY_2000: red
(09:57 / All) SIM_CITY_2000: you're kind of dumb
(09:58 / All) SIM_CITY_2000: shut up
(10:20 / Allies) wow.wow: green u have not produced one fucking unit
(10:22 / Allies) wow.wow: ur abd
(10:24 / Allies) wow.wow: bad
(10:34 / Allies) ZSoft: nor has pink
(10:36 / Allies) SIMCITY2010: WHAT IS A UNIT
(10:37 / Allies) ZSoft: 2 bs'ers
(10:45 / Allies) MAXIS_CHEMICALS: A MISERABLE PILE OF STATS THAT'S WHAT
(11:16 / All) SIM_CITY_2000: is he shutting up yet
(11:20 / Allies) SIMCITY2010: pies lets go creep the other goblin lab
(11:27 / Allies) MAXIS_CHEMICALS: ok
(11:55 / Allies) ZSoft: k, 2v2
(11:57 / Allies) wow.wow: get main
(11:57 / Allies) wow.wow: now
(12:00 / All) SIM_METROPOLIS: red and orange
(12:02 / All) SIM_CITY_2000: stop
(12:03 / All) SIM_CITY_2000: now
(12:07 / All) SIM_METROPOLIS: I'm afraid I'll have to issue trade sanctions against you
(12:16 / All) SIM_METROPOLIS: cease and desist immediately
(12:28 / All) SIM_CITY_2000: red if you do not stop
(12:33 / All) SIM_CITY_2000: the sim city league of cities
(12:36 / All) SIM_CITY_2000: will be forced to act
(12:52 / Allies) ZSoft: going wyrms
(12:58 / All) SIM_METROPOLIS: i must assure you that the sim city league of cities controls 75% of capitol in the world
(13:04 / All) SIM_METROPOLIS: inform*
(13:26 / Allies) wow.wow: hes tard
(14:01 / All) SIM_CITY_2000: The Sim City League of Nations has just approved a military effort.
(14:09 / All) SIM_METROPOLIS: west coast
(14:22 / All) SIM_METROPOLIS: you are authorized to initiate sim city defense
(14:42 / Allies) ZSoft: wood plz reed
(15:37 / Allies) SIMCITY2010: pies
(15:39 / Allies) SIMCITY2010: invis my BM
(15:50 / Allies) MAXIS_CHEMICALS: still teching that
(15:53 / All) SIM_CITY_2000: how you guys doing on killing them
(15:56 / Allies) SIMCITY2010: k
(16:00 / Allies) MAXIS_CHEMICALS: almostd oen
(16:05 / Allies) wow.wow: pink green u guys can go fuck ur selfs
(16:06 / Allies) wow.wow: thanks
(16:07 / Allies) SIMCITY2010: which ones on the other team am I safe to go harass
(16:08 / Allies) wow.wow: though
(16:17 / Allies) MAXIS_CHEMICALS: I don't think any
(16:18 / Allies) MAXIS_CHEMICALS: lol
(16:21 / Allies) SIMCITY2010: oh ok
(16:22 / Allies) SIMCITY2010: oh well
(16:36 / Allies) wow.wow: pink about to make his first units
(16:56 / Allies) ZSoft: red, wood plz?
(17:18 / Allies) ZSoft: thx
(18:39 / All) SIM_CITY_2000: i like how red and orange
(18:41 / All) SIM_METROPOLIS: deploying gunships
(18:42 / All) SIM_CITY_2000: are oblivious to what's going on
(19:34 / Allies) wow.wow: green we dont need u loser
(19:49 / Allies) wow.wow: pink notice we dont need u guys
(19:51 / Allies) wow.wow: u guys are really bad
(19:56 / All) MAXIS_CHEMICALS: uh
(20:00 / All) MAXIS_CHEMICALS: In case you haven't noticed red
(20:08 / All) MAXIS_CHEMICALS: They're going for economy
(20:10 / Allies) wow.wow: we dont need those units!
(20:16 / All) MAXIS_CHEMICALS: not military strength
(20:21 / All) SIM_CITY_2000: red is just a bully
(20:23 / All) SIM_CITY_2000: leave him be
(20:53 / All) SIM_CITY_2000: My city looks like Detroit 1967 now
(20:54 / All) SIM_CITY_2000: *sigh*
(22:00 / All) SIM_CITY_2000: block orange
(22:02 / All) SIM_CITY_2000: he didn't bring a TP
(22:04 / All) SIM_CITY_2000: ga
(22:06 / All) SIM_CITY_2000: gah
(22:11 / Allies) ZSoft: help
(22:19 / Allies) MAXIS_CHEMICALS: nah
(22:21 / Allies) MAXIS_CHEMICALS: You don't need us
(22:25 / Allies) MAXIS_CHEMICALS: Just ask red
(22:27 / Allies) MAXIS_CHEMICALS: He's pro
(22:50 / Allies) ZSoft: i need u
(22:51 / Allies) ZSoft: plz
(23:27 / Allies) ZSoft: nice pink
(24:00 / Allies) wow.wow: green ur as good as trash
(24:01 / Allies) wow.wow: dude
(24:04 / Allies) wow.wow: just dont forget that
(24:14 / Allies) SIMCITY2010: i think hes mad
(24:20 / Allies) wow.wow: nah ur a loser
(24:24 / Allies) wow.wow: dont forget that
(24:34 / Allies) wow.wow: u were not even needed in this game have u noticed that
(24:35 / All) SIM_CITY_2000: i'm almost out of gold here
(24:41 / All) SIM_METROPOLIS: how fare the trade sanctions against red and orange?
(24:45 / All) SIMCITY2010: im all out from buying gryphs
(24:46 / Allies) wow.wow: pink heal ur worms
(24:57 / All) MAXIS_CHEMICALS: Red says we aren't needed
(25:09 / Allies) wow.wow: u were not needed
(25:10 / Allies) MAXIS_CHEMICALS: oh
(25:11 / Allies) wow.wow: trust me
(25:14 / Allies) wow.wow: if i didnt get bsed
(25:18 / All) MAXIS_CHEMICALS: Greens dealt with him
(25:19 / All) SIMCITY2010: are we still not needed, red?
(25:20 / All) MAXIS_CHEMICALS: Just noticed now
(25:20 / All) MAXIS_CHEMICALS: Lol
(25:21 / Allies) ZSoft: i apologize for red
(25:22 / Allies) wow.wow: u guys are trash
(25:27 / All) MAXIS_CHEMICALS: Thanks orange
(25:28 / All) MAXIS_CHEMICALS: You're good
(25:38 / All) SIM_CITY_2000: okay
(25:39 / All) SIM_CITY_2000: red
(25:40 / All) SIM_CITY_2000: orange
(25:42 / All) SIM_CITY_2000: here's the deal
(25:46 / All) SIM_CITY_2000: either you're going to lose the game
(25:53 / All) SIM_CITY_2000: or you're going to "win"
(25:58 / All) SIM_CITY_2000: after killing my shit for 30 minutes
(26:00 / All) SIM_CITY_2000: pick your poison
(26:20 / Allies) ZSoft: pink, let's do this?
(26:21 / Allies) wow.wow: pink heal ur worms
(26:40 / All) MAXIS_CHEMICALS: What "worms"
(26:42 / All) MAXIS_CHEMICALS: What are you talking about red
(26:44 / All) SIM_METROPOLIS: pink can you fall back?
(26:53 / All) MAXIS_CHEMICALS: reds hero is at teal
(26:58 / Allies) wow.wow: wyrms
(26:58 / Allies) wow.wow: man
(27:01 / All) SIM_METROPOLIS: i know
(27:02 / All) MAXIS_CHEMICALS: THEN SAY THAT
(27:05 / All) SIM_METROPOLIS: i have to go around
(27:06 / All) SIM_METROPOLIS: ever time
(27:10 / All) SIM_METROPOLIS: everytime*
(27:13 / All) MAXIS_CHEMICALS: First of all
(27:18 / All) MAXIS_CHEMICALS: They're not called "worms"
(27:19 / All) MAXIS_CHEMICALS: And second
(27:20 / All) MAXIS_CHEMICALS: They're oranges
(27:22 / All) MAXIS_CHEMICALS: not mine
(27:30 / All) SIM_METROPOLIS: i mean
(27:31 / All) SIM_METROPOLIS: your army
(27:33 / All) SIM_METROPOLIS: is in the path
(27:35 / All) MAXIS_CHEMICALS: was talking to red
(27:35 / All) SIM_METROPOLIS: the retreat path
(27:38 / All) MAXIS_CHEMICALS: oh
(27:39 / All) MAXIS_CHEMICALS: sry
(28:01 / All) MAXIS_CHEMICALS: So
(28:04 / All) MAXIS_CHEMICALS: I have no way of healing them anyway
(28:16 / All) SIM_CITY_2000: are red and orange dying
(28:27 / All) SIMCITY2010: oh didnt realise I was to stab orange too?
(28:30 / Allies) wow.wow: green is so worthless
(28:31 / All) SIM_CITY_2000: eh
(28:36 / All) SIM_CITY_2000: you can kill red
(28:37 / All) SIM_CITY_2000: honestly
(28:40 / All) SIM_CITY_2000: as long as red doesn't win
(28:41 / All) SIM_CITY_2000: idc
(28:49 / All) SIMCITY2010: k
(28:51 / All) SIMCITY2010: stab it is
(29:01 / All) SIM_CITY_2000: once red leaves
(29:03 / All) SIM_CITY_2000: then i'll leave
(29:11 / All) wow.wow: fuck u
(29:14 / All) wow.wow: i aint leaving
(29:15 / Allies) ZSoft: green, i'm killing red hero?
(29:18 / Allies) ZSoft: safety?
(29:21 / All) SIM_CITY_2000: haha we'll see what happens
(29:26 / All) wow.wow: im going to grab a sandwich cya around fags
(29:30 / All) SIM_CITY_2000: LOL
(29:33 / All) SIM_CITY_2000: he thinks this battle
(29:35 / All) SIM_CITY_2000: is fought over sandwiches
(29:38 / All) SIM_CITY_2000: and not months
(29:43 / All) MAXIS_CHEMICALS: Well
(29:47 / All) MAXIS_CHEMICALS: When blue and teal are both gone
(29:50 / All) MAXIS_CHEMICALS: He's kinda right.
(29:59 / Allies) ZSoft: green, what'd i do??
(30:01 / Allies) SIMCITY2010: no need to kill the wells yet
(30:04 / Allies) SIMCITY2010: you didnt do anything
(30:04 / Allies) ZSoft: 1
(30:07 / All) SIM_CITY_2000: oh god damn
(30:07 / Allies) ZSoft: i'm hurt
(30:09 / All) SIM_CITY_2000: orange still has units
(30:26 / All) SIM_CITY_2000: brb bathroom
(30:47 / Allies) SIMCITY2010: hippo
(30:48 / Allies) SIMCITY2010: lol
(30:51 / Allies) SIMCITY2010: theres the 2 supply
(30:54 / Allies) MAXIS_CHEMICALS: oh
(30:56 / Allies) MAXIS_CHEMICALS: Good find
(31:10 / All) SIM_METROPOLIS: did orange pull back his army?
(31:35 / All) SIMCITY2010: orange is helping stab red lol
(32:06 / All) SIM_METROPOLIS: run motherfucker
(32:41 / All) ZSoft: now what?
(32:50 / All) SIM_METROPOLIS: now gtfo
(32:53 / All) MAXIS_CHEMICALS: purple told you to run
(32:55 / All) MAXIS_CHEMICALS: lol
(33:03 / All) SIM_CITY_2000: yeah
(33:05 / All) SIM_CITY_2000: i ain't leaving
(33:07 / All) SIM_CITY_2000: until red leaves
(33:10 / All) MAXIS_CHEMICALS: he won't
(33:11 / All) SIM_CITY_2000: then when he's gone
(33:12 / All) SIM_CITY_2000: i go
(33:14 / All) MAXIS_CHEMICALS: So we better
(33:17 / All) SIM_METROPOLIS: suicide
(33:18 / All) MAXIS_CHEMICALS: off ourselves
(33:19 / All) SIM_METROPOLIS: all your shit
(33:23 / All) SIM_METROPOLIS: want me to help?
(33:26 / All) MAXIS_CHEMICALS: Yea
(33:40 / All) MAXIS_CHEMICALS: I don't have much of a base-killing military
(33:48 / Allies) SIMCITY2010: dont kill my workers pies lol
(33:57 / All) SIM_METROPOLIS: most of mine is hippos
(33:57 / Allies) MAXIS_CHEMICALS: OH I'M SORRY I THOUGHT THIS WAS WAR2
(34:29 / All) SIMCITY2010: too bad your 2 allies left or we could leave this in a standoff
(34:40 / All) MAXIS_CHEMICALS: Yeah
(34:42 / All) SIM_CITY_2000: t.t
(34:46 / All) MAXIS_CHEMICALS: Some people
(34:48 / All) MAXIS_CHEMICALS: Just can't handle the sim
(34:57 / All) MAXIS_CHEMICALS: and out of frustration
(35:08 / All) MAXIS_CHEMICALS: Decide to Hold Position in a combination of Blizzard and Rain of Fire
(35:09 / All) SIM_CITY_2000: they lash out at us
(35:12 / All) SIM_CITY_2000: lol
(35:25 / All) MAXIS_CHEMICALS: Of course it's not THEIR fault they did that
(35:31 / All) MAXIS_CHEMICALS: Always the simmer's fault
(35:44 / All) MAXIS_CHEMICALS: OFCOURSE IT MAKSE SESNE
(37:06 / All) SIMCITY2010: red you're going to lose anyway, you might as well just leave now
(37:10 / All) SIMCITY2010: save yourself the time and dignity
(37:31 / All) SIM_METROPOLIS: I'm sorry green
(37:38 / All) SIM_METROPOLIS: your city is beautiful
(37:49 / All) SIM_METROPOLIS: but it's bad for the environment
(37:51 / All) SIMCITY2010: UR MOM IS BEAUTIFUL LAWL
(38:08 / All) SIM_CITY_2000: like I said
(38:11 / All) SIM_CITY_2000: either red leaves
(38:18 / All) SIM_CITY_2000: a
(38:21 / All) SIM_CITY_2000: you have two options
(38:23 / All) SIM_CITY_2000: red leaves now
(38:25 / All) SIM_CITY_2000: and me and purple quit
(38:28 / All) SIM_CITY_2000: so red gets a tie
(38:30 / All) SIM_CITY_2000: and orange gets the win
(38:39 / All) SIM_CITY_2000: or we kill your side
(38:41 / All) SIMCITY2010: or red gets the loss
(38:45 / All) SIM_CITY_2000: tie, win
(38:45 / All) SIM_CITY_2000: vs.
(38:47 / All) SIM_CITY_2000: loss, loss
(38:49 / All) SIM_CITY_2000: choose what you want, red
(39:12 / All) SIM_CITY_2000: too tired to keep building
(39:13 / All) SIM_CITY_2000: yeesh
(39:30 / All) SIMCITY2010: ok my base is all finished
(39:44 / All) SIMCITY2010: you dont have much time left red!
(40:04 / All) SIMCITY2010: leave and get a tie and your dignity intact, or lose!
(40:20 / All) SIMCITY2010: RED PLEASE DONT LEAVE IM TRYING TO WORK ON MY ACHIEVEMENTS
(40:21 / All) SIMCITY2010: RED PLEASE DONT LEAVE IM TRYING TO WORK ON MY ACHIEVEMENTS
(40:22 / All) SIMCITY2010: RED PLEASE DONT LEAVE IM TRYING TO WORK ON MY ACHIEVEMENTS
(40:29 / All) MAXIS_CHEMICALS: THATS IT IM DEAD